 Dungeon Crawl Stone Soup version 0.29-a0-615-gdeedd76 (webtiles) character file.

Game seed: 1143504141806002717

462 PurpleRed the Magician (level 6, -5/34 HPs)
             Began as a Deep Elf Brigand on June 18, 2022.
             Slain by an ice beast (11 damage)
             ... on level 6 of the Dungeon.
             The game lasted 00:15:05 (1266 turns).

PurpleRed the Magician (Deep Elf Brigand)           Turns: 1266, Time: 00:15:07

Health: -5/34      AC:  3    Str:  8    XL:     6   Next: 79%
Magic:  13/18      EV: 12    Int: 18    God:
Gold:   119        SH:  0    Dex: 16    Spells: 12/20 levels left

rFire   . . .      SeeInvis .   a - +2 dagger
rCold   . . .      Faith    .   (no shield)
rNeg    . . .      Spirit   .   b - +0 robe
rPois   .          Reflect  .   n - +0 hat
rElec   .          Harm     .   f - +0 cloak
rCorr   .          Rampage  .   (no gloves)
Will    .....                   (no boots)
Stlth   +++.......              (no amulet)
HPRegen 0.11/turn               (no ring)
MPRegen 0.16/turn               (no ring)

@: no status effects
A: no striking features
a: no special abilities


You were on level 6 of the Dungeon.
You visited 1 branch of the dungeon, and saw 6 of its levels.

You collected 119 gold pieces.

Inventory:

Hand Weapons
 a - a +2 dagger (weapon)
Missiles
 d - 7 poisoned darts (quivered)
 e - 2 curare-tipped darts
Armour
 b - a +0 robe (worn)
 c - a +0 cloak
 f - a +0 cloak (worn)
 g - a +0 leather armour
 n - a +0 hat (worn)
Potions
 k - 2 potions of brilliance
 p - a potion of flight {unknown}
 q - a potion of heal wounds {unknown}


   Skills:
 - Level 1.5 Fighting
 - Level 2.0 Short Blades
 - Level 2.0 Throwing
 - Level 1.2 Dodging
 - Level 4.8 Stealth
 + Level 7.6 Spellcasting
 - Level 3.0 Summonings
 + Level 2.7 Necromancy


You had 12 spell levels left.
You knew the following spells:

 Your Spells              Type           Power      Damage    Failure   Level
a - Call Canine Familiar  Summ           17%        N/A       9%          3
b - Swiftness             Air            6%         N/A       30%         3
c - Summon Small Mammal   Summ           68%        N/A       3%          1
d - Necrotize             Necr           64%        1d7       3%          1

Your spell library contained the following spells:

 Spells                   Type           Power      Damage    Failure   Level
 Apportation              Tloc           12%        N/A       10%         1
 Ensorcelled Hibernation  Hex/Ice        12%        N/A       16%         2
 Passwall                 Tmut/Erth      5%         N/A       16%         2
 Portal Projectile        Hex/Tloc       12%        N/A       30%         3
 Leda's Liquefaction      Hex/Erth       3%         N/A       69%         4


Dungeon Overview and Level Annotations

Branches:
Dungeon (7/15)
 Temple: D:4-7

Altars:
Elyvilon


Message History

The ice beast hits your quokka but does no damage.
Your quokka bites the ice beast but does no damage.
The ice beast hits your quokka. The ice beast freezes your quokka!
Your quokka dies!
Your quokka's corpse disappears in a puff of smoke!
Your hound bites the ice beast but does no damage. x2
Your hound closely misses the ice beast.
Your hound bites the ice beast. x2
Casting: Summon Small Mammal (safe; 3% risk of failure)
Confirm with . or Enter, or press ? or * to list all spells.
Aiming: Necrotize (safe; 3% risk of failure)
Press: ? - help, Shift-Dir - straight line, f - ice beast
Aim: an ice beast (lightly wounded, ally target, chance to affect: 73%)
The ice beast writhes in agony.
Casting: Necrotize (safe; 3% risk of failure)
Confirm with . or Enter, or press ? or * to list all spells.
Aiming: Necrotize (safe; 3% risk of failure)
Press: ? - help, Shift-Dir - straight line, f/p - ice beast
Aim: an ice beast (moderately wounded, ally target, chance to affect: 73%)
The ice beast struggles to resist.
Casting: Necrotize (safe; 3% risk of failure)
Confirm with . or Enter, or press ? or * to list all spells.
Aiming: Necrotize (safe; 3% risk of failure)
Press: ? - help, Shift-Dir - straight line, f/p - ice beast
Aim: an ice beast (moderately wounded, ally target, chance to affect: 73%)
The ice beast struggles to resist.
Your hound bites the ice beast but does no damage.
Casting: Necrotize (safe; 3% risk of failure)
Confirm with . or Enter, or press ? or * to list all spells.
The ice beast hits you. The ice beast freezes you!
* * * LOW HITPOINT WARNING * * *
Your hound misses the ice beast.
Your hound disappears in a puff of smoke!
Your quokka barely misses the ice beast.
It was a potion of curing.
You feel better.
Your quokka bites the ice beast but does no damage.
The ice beast hits you.
* * * LOW HITPOINT WARNING * * *
The ice beast freezes you!
You die...

..s.. #.## .... #..# ...
##.# .. #.## . #..# #+ #####
##.######## ######. #...#
#.#.......
.......###.#.######.........
..........Y@...............>
########.r.#.##.####.......[
#...#.##...##..#####.
#...#[####.###.# #.
###.#.##.†.# #.## #.
#.#.##.### #..# #† #.#.##.
##.## #. #.#... #..# #. #.#
## ##.# #.


You could see an ice beast (ally target) and a friendly quokka (summoned).

Vanquished Creatures
  An ogre (D:4)
  A scorpion (D:6)
  5 adders
  A worm (D:2)
  2 endoplasms
  2 giant cockroaches
  2 goblins
  4 hobgoblins
  2 jackals (D:1)
  A quokka (D:3)
  2 ball pythons
  2 bats (D:1)
  2 frilled lizards
  4 kobolds
  8 rats
39 creatures vanquished.

Vanquished Creatures (collateral kills)
  Menkaure (D:6)
  A lemure (D:4)
  A bullfrog (D:6)
  A scorpion (D:6)
  A worm (D:3)
5 creatures vanquished.

Vanquished Creatures (others)
  A demonic plant (D:1)
1 creature vanquished.

Grand Total: 45 creatures vanquished

Notes
Turn   | Place    | Note
-------+----------+-------------------------------------------
     0 | D:1      | PurpleRed the Deep Elf Brigand began the quest for the Orb.
     0 | D:1      | Reached XP level 1. HP: 12/12 MP: 3/3
    65 | D:1      | You fall into a shaft and drop 1 floor!
    79 | D:2      | Reached skill level 2 in Spellcasting
    79 | D:2      | Reached XP level 2. HP: 16/16 MP: 5/7
   128 | D:2      | Reached skill level 3 in Spellcasting
   261 | D:1      | Found a faded altar of an unknown god.
   304 | D:1      | Reached XP level 3. HP: 15/20 MP: 10/10
   422 | D:1      | Reached skill level 4 in Spellcasting
   469 | D:2      | Found a white marble altar of Elyvilon.
   578 | D:2      | Learned a level 3 spell: Call Canine Familiar
   591 | D:3      | Learned a level 3 spell: Swiftness
   632 | D:3      | Reached XP level 4. HP: 13/25 MP: 12/12
   791 | D:3      | Reached skill level 1 in Summonings
   860 | D:4      | Noticed an ogre
   876 | D:4      | Killed an ogre
   877 | D:4      | Reached skill level 5 in Spellcasting
   877 | D:4      | Reached XP level 5. HP: 29/29 MP: 12/14
   900 | D:4      | Learned a level 1 spell: Summon Small Mammal
   902 | D:4      | Noticed a lemure
   976 | D:4      | Killed a lemure
  1004 | D:4      | Noticed a lemure
  1004 | D:4      | Noticed a lemure
  1015 | D:4      | Noticed a lemure
  1097 | D:4      | You fall into a shaft and drop 2 floors!
  1099 | D:6      | Noticed Menkaure
  1111 | D:6      | Killed Menkaure
  1112 | D:6      | Reached skill level 6 in Spellcasting
  1112 | D:6      | Reached XP level 6. HP: 9/34 MP: 11/17
  1114 | D:6      | Learned a level 1 spell: Necrotize
  1152 | D:6      | Reached skill level 7 in Spellcasting
  1152 | D:6      | Reached skill level 1 in Necromancy
  1252 | D:6      | Noticed an ice beast
  1263 | D:6      | HP: 1/34 [ice beast (13)]
  1266 | D:6      | Slain by an ice beast

Illustrated notes

Levels and vault maps discovered:
D:1:      dreamdust_arrival_beginning_and_end, layout_loops_corners,
          shapermc_ecumenical_altar_gd, grunt_decor_resistance
D:2:      layout_basic, basic_altar, nrook_loot_triangle
D:3:      layout_basic
D:4:      layout_basic, mainiacjoe_overflow_catwalk, kennysheep_mini_moat,
          nicolae_overflow_hidden_temple, uniq_pikel
D:6:      layout_basic, uniq_menkaure
D:7:      layout_basic, mainiacjoe_overflow_cross_hatched,
          amethyst_overflow_temple_binary, makhleb_blood_cavern_becter,
          grunt_ogre_cave, minmay_misc_feat_pillars, hangedman_decor_growths,
          kennysheep_minor_cross, sigmund_edmund_badplayer, uniq_maggie

Skill      XL: |  1  2  3  4  5  6 |
---------------+-------------------+-----
Spellcasting   | 2 3 4 5 6 7 |  7.6
Summonings     | 2 3 |  3.0
Necromancy     | 2 |  2.7
Fighting       | |  1.5
Short Blades   | |  2.0
Throwing       | |  2.0
Dodging        | |  1.2
Stealth        | |  4.8

Action                   |  1- 3 |  4- 6 || total
-------------------------+-------+-------++-------
Melee: Dagger            |    70 |    31 ||   101
       Punch             |     2 |     1 ||     3
Throw: Dart              |    25 |     5 ||    30
 Cast: Call Canine Famil |       |     9 ||     9
       Summon Small Mamm |       |     6 ||     6
       Necrotize         |       |     3 ||     3
  Use: Scroll            |       |     6 ||     6
       Potion            |       |     1 ||     1
 Stab: Sleeping          |     5 |     3 ||     8
Armor: Robe              |     4 |     1 ||     5
       Leather armour    |    15 |     6 ||    21
Dodge: Dodged            |    35 |    10 ||    45

Table legend: (Time is in decaauts)
 A = Elapsed time spent in this place.
 B = Non-inter-level travel time spent in this place.
 C = Inter-level travel time spent in this place.
 D = Time resting spent in this place.
 E = Time spent auto-exploring this place.
 F = Levels seen in this place.
 G = Mean time per level.
                   A        B        C        D        E       F      G
               +--------+--------+--------+--------+--------+-----+--------+
         Total |   1252 |   1252 |      0 |      0 |      0 |   6 |  208.7 |
       Dungeon |   1252 |   1252 |      0 |      0 |      0 |   6 |  208.7 |
               +--------+--------+--------+--------+--------+-----+--------+

Top non-repeatable levels by time:
     D:1: 354 daAuts
     D:4: 295 daAuts
     D:2: 219 daAuts
     D:3: 214 daAuts
     D:6: 161 daAuts
     D:7: 7 daAuts
